 Dungeon Crawl Stone Soup version 0.28-a0-863-g8cecda6153 (webtiles) character file.

Game seed: 10336259446151230142

4 kae the Ruffian (level 1, 0/16 HPs)
             Began as a Draconian Transmuter on Nov 18, 2021.
             Succumbed to a kobold's poison
             ... on level 1 of the Dungeon.
             The game lasted 00:00:07 (143 turns).

kae the Ruffian (Draconian Transmuter)               Turns: 143, Time: 00:00:08

Health: 0/16       AC:  4    Str: 12    XL:     1   Next: 58%
Magic:  2/3        EV: 12    Int: 13    God:
Gold:   26         SH:  0    Dex: 11    Spells: 3/4 levels left

rFire   . . .      SeeInvis .     - Unarmed
rCold   . . .      Faith    .   (no shield)
rNeg    . . .      Spirit   .   (armour unavailable)
rPois   .          Reflect  .   (helmet currently unavailable)
rElec   .          Harm     .   (no cloak)
rCorr   .          Rampage  .   (no gloves)
Will    .....                   (boots currently unavailable)
Stlth   +.........              (no amulet)
HPRegen 0.05/turn               (no ring)
MPRegen 0.08/turn               (no ring)

@: lethally poisoned (0 -> -5), appendages, invisible
A: horns 2, talons 2, AC +4, unfitting armour, cold-blooded
a: End Transformation


You were on level 1 of the Dungeon.
You had temporarily grown beastly horns and talons.
You visited 1 branch of the dungeon, and saw 1 of its levels.

You collected 26 gold pieces.

Inventory:

Scrolls
 a - a scroll of vulnerability {unknown}


   Skills:
 + Level 1.2 Fighting
 - Level 1.7 Dodging
 * Level 3.1 Unarmed Combat
 + Level 2.0 Spellcasting
 + Level 2.1 Transmutations


You had 3 spell levels left.
You knew the following spells:

 Your Spells              Type           Power      Damage    Failure   Level
a - Beastly Appendage     Tmut           12%        N/A       11%         1

Your spell library contained the following spells:

 Spells                   Type           Power      Damage    Failure   Level
 Wereblood                Tmut           6%         N/A       16%         2
 Spider Form              Tmut/Pois      4%         N/A       45%         3
 Ice Form                 Ice/Tmut       4%         N/A       86%         4


Dungeon Overview and Level Annotations

Branches:
Dungeon (1/15)

Altars:


Innate Abilities, Weirdness & Mutations

You have temporarily grown beastly horns and talons.
Your plain brown scales are hard. (AC +4)
You cannot fit into any form of body armour.
You are cold-blooded and may be slowed by cold attacks.


Message History

There are monsters nearby!
The frilled lizard closely misses you.
You barely miss the frilled lizard. You tail-slap the frilled lizard.
You kill the frilled lizard!
You see here a +0 robe.
A kobold is nearby!
A kobold is nearby!
Casting: Beastly Appendage (safe; 11% risk of failure)
Confirm with . or Enter, or press ? or * to list all spells.
You grow a pair of large bovine horns.
Your feet morph into talons.
The kobold hits you with a +2 short sword of venom.
You are poisoned.
You hit the kobold. Your kick misses the kobold.
The kobold is moderately wounded.
You feel sick. The kobold misses you.
You hit the kobold but do no damage.
The kobold is moderately wounded.
You feel sick.
The kobold hits you with a +2 short sword of venom.
You are lethally poisoned!
There is a lethal amount of poison in your body!
You are too injured to fight recklessly!
You are too injured to fight recklessly!
There is a lethal amount of poison in your body!
You are too injured to fight recklessly!
You are too injured to fight recklessly!
There is a lethal amount of poison in your body!
You are too injured to fight recklessly!
You are too injured to fight recklessly!
There is a lethal amount of poison in your body!
You feel very sick.
The kobold throws a stone.
The stone barely misses you.
You feel sick.
* * * LOW HITPOINT WARNING * * *
You feel sick.
The kobold throws a stone.
The stone misses you.
* * * LOW HITPOINT WARNING * * *
You feel sick.
It was a potion of invisibility.
You fade into invisibility!
You die...

.....P.♣.......#
..#.P_.........#
.....♣♣.♣#.#####
.#..♣P...#.#
.##.....##.#
.##...####.########
###.### #....K...#
# #.# #.######.###
#.# #..[K..@...#
#.# #†###..#.#.#
#.# #.# #...... #.#
#.# ##.#.#.# #.#
#.....# #.# ###.###
#.. .# ### ##


You could see a kobold.

Vanquished Creatures
  A dart slug (D:1)
  A hobgoblin (D:1)
  A frilled lizard (D:1)
3 creatures vanquished.

Notes
Turn   | Place    | Note
-------+----------+-------------------------------------------
     0 | D:1      | kae the Draconian Transmuter began the quest for the Orb.
     0 | D:1      | Reached XP level 1. HP: 16/16 MP: 3/3
   111 | D:1      | Found a faded altar of an unknown god.
   143 | D:1      | Succumbed to a kobold's poison

Illustrated notes

Levels and vault maps discovered:
D:1:      dpeg_arrival_more_subterranean_lakeside_camping, layout_loops_ring,
          ebering_ecumenical_altar_petrified

Action                   || total
-------------------------++-------
Melee: Unarmed           ||     7
       Tailslap          ||     2
       Headbutt          ||     1
 Cast: Beastly Appendage ||     3
  Use: Potion            ||     1
Armor: Skin              ||     1
Dodge: Dodged            ||     7

Table legend: (Time is in decaauts)
 A = Elapsed time spent in this place.
 B = Non-inter-level travel time spent in this place.
 C = Inter-level travel time spent in this place.
 D = Time resting spent in this place.
 E = Time spent auto-exploring this place.
 F = Levels seen in this place.
 G = Mean time per level.
                   A        B        C        D        E       F      G
               +--------+--------+--------+--------+--------+-----+--------+
         Total |    143 |    143 |      0 |      0 |    111 |   1 |  143.0 |
       Dungeon |    143 |    143 |      0 |      0 |    111 |   1 |  143.0 |
               +--------+--------+--------+--------+--------+-----+--------+

Top non-repeatable levels by time:
     D:1: 143 daAuts
